 Dungeon Crawl Stone Soup version 0.31.0-11-ge490571c62 (webtiles) character file.

Game seed: 2859744605952703414

7984 KKCryptic the Fighter (level 11, -3/86 HPs)
             Began as a Djinni Ice Elementalist on Feb 6, 2024.
             Was a Priest of Makhleb.
             Slain by an orc knight
             ... wielding a +0 halberd
              (18 damage)
             ... in a bailey on Feb 7, 2024.
             The game lasted 01:03:05 (8190 turns).

KKCryptic the Fighter (Djinni Ice Elementalist)     Turns: 8190, Time: 01:03:05

Health: -3/86      AC: 10    Str:  7    XL:     11   Next: 47%
Gold:   454        EV: 10    Int: 27    God:    Makhleb [***...] SH:  0 Dex: 14

rFire   + + .        e - staff of death
rCold   x . .        (no shield)
rNeg    + . .        i - +1 ring mail of Roagel {Regen+}
rPois   ∞            m - +1 helmet
rElec   .            l - +0 cloak
rCorr   .            s - +0 pair of gloves
SInv    .            (boots unavailable)
Will    +....        (no amulet)
Stlth   +            t - +6 ring of intelligence
HPRegen 1.14/turn    (no ring)
MPRegen 0.00/turn

%: infuse magic (-4 HP)
@: brilliant, flying, hasted, very quick
A: sickness immunity, fire resistance 2, cold vulnerability 1, float, innate
caster, HP casting, extra vitality 1
a: Renounce Religion, Minor Destruction, Lesser Servant of Makhleb


You were in a bailey.
You worshipped Makhleb.
Makhleb was most pleased with you.
You visited 2 branches of the dungeon, and saw 10 of its levels.
You also visited: Sewer and Bailey.

You collected 474 gold pieces.
You spent 20 gold pieces at shops.

Inventory:

Missiles
 a - 2 throwing nets
 o - 4 atropa-tipped darts (quivered)
Armour
 i - the +1 ring mail of Roagel (worn) {Regen+}
   (You found it on level 4 of the Dungeon)

   Regen+:    It increases your rate of health regeneration.
 l - a +0 cloak (worn)
 m - a +1 helmet (worn)
 s - a +0 pair of gloves (worn)
Magical Staves
 e - a staff of death (weapon)
 A - a staff of alchemy
Jewellery
 t - a +6 ring of intelligence (left hand)
Wands
 k - a wand of flame (44)
 w - a wand of charming (27)
Scrolls
 b - 3 scrolls of blinking
 f - 4 scrolls of teleportation
 h - a scroll of identify
 j - 4 scrolls of vulnerability
 q - 2 scrolls of immolation
 v - a scroll of brand weapon {unknown}
 x - a scroll of enchant armour {unknown}
 y - 2 scrolls of noise {unknown}
 z - a scroll of poison {unknown}
Potions
 c - a potion of attraction
 d - 3 potions of enlightenment
 g - 8 potions of curing
 n - 2 potions of haste
 p - 3 potions of mutation
 B - a potion of lignification
 C - 3 potions of invisibility {unknown}
 D - a potion of might
 E - 3 potions of experience {unknown}
 F - a potion of magic {unknown}


   Skills:
 + Level 10.8 Fighting
 - Level 5.0 Staves
 - Level 2.1 Dodging
 - Level 1.5 Stealth
 - Level 7.4 Spellcasting
 - Level 7.4 Conjurations
 - Level 7.4 Hexes
 - Level 7.4 Summonings
 - Level 7.4 Necromancy
 - Level 7.4 Translocations
 - Level 7.4 Fire Magic
 - Level 7.4 Ice Magic
 - Level 7.4 Air Magic
 - Level 7.4 Earth Magic
 - Level 7.4 Alchemy
 + Level 6.5 Invocations
 - Level 5.4 Evocations


You knew the following spells:

 Your Spells              Type           Power      Damage    Failure   Level
a - Freeze                Ice            100%       1d10      1%          1
b - Ensorcelled Hibernat  Hex/Ice        100%       N/A       1%          2
c - Iskenderun's Battles  Conj           66%        2d12      26%         5
d - Summon Small Mammal   Summ           100%       N/A       1%          1
q - Ozocubu's Armour      Ice            66%        N/A       2%          3
s - Summon Ice Beast      Ice/Summ       66%        N/A       2%          3
w - Frozen Ramparts       Ice            100%       1d16      2%          3
x - Manifold Assault      Tloc           66%        N/A       10%         4
z - Jinxbite              Hex            100%       N/A       1%          2
Your spell library was empty.

Dungeon Overview and Level Annotations

Branches:
Dungeon (9/15)             Temple (1/1) D:4             Orc (0/2) D:9
  Sewer (visited)          Bailey (1/1)
   Lair: D:8-11

Altars:
Ashenzari
Cheibriados
Dithmenos
Elyvilon
Fedhas
Gozag
Hepliaklqana
Makhleb
Nemelex Xobeh
Okawaru
Ru
Trog
Uskayaw
Wu Jian
Xom
Zin
The Shining One

Shops:
D:4 (   D:6 *   D:7 [

Annotations:
D:7 3 runed translucent doors, superradish's ghost, novice DsBr


Innate Abilities, Weirdness & Mutations

You are immune to sickness and miasma.
You are immune to poison.
Your flesh is very heat resistant. (rF++)
You are vulnerable to cold. (rC-)
You float through the air rather than walking.
You learn spells naturally, not from books.
Your magical power is your life essence.
You have superior vitality. (+4 MHP)


Message History

Casting: Summon Ice Beast (mildly dangerous; 2% risk of failure)
Confirm with . or Enter, or press ? or * to list all spells.
Okay, then.
Casting: Summon Ice Beast (mildly dangerous; 2% risk of failure)
Confirm with . or Enter, or press ? or * to list all spells.
Casting: Frozen Ramparts (mildly dangerous; 2% risk of failure)
Press: ? - help, Dir - look around, f - activate The walls around you are covered in ice.
What are your orders? t - Shout!
Orders for allies: a - Attack new target. r - Retreat! s - Stop attacking. g - Guard the area. f - Follow me.
Anything else - Cancel.
Gang up on whom?
Press: ? - help, Dir - move target, f - orc knight
Aim: an orc knight, wielding a +0 halberd and wearing a +0 chain mail (lightly wounded) Attack!
Okay, then.
Okay, then.
Okay, then.
You feel yourself slow down.
The wall freezes the orc knight but does no damage.
Your ice beast hits the orc knight but does no damage.
You swap places.
The frozen ramparts melt away as you move.
The orc knight hits you with a +0 halberd!!
* * * LOW HITPOINT WARNING * * *
You feel clever all of a sudden.
The orc knight hits you with a +0 halberd!
* * * LOW HITPOINT WARNING * * *
Okay, then.
Casting: Frozen Ramparts (mildly dangerous; 2% risk of failure)
Confirm with . or Enter, or press ? or * to list all spells.
Okay, then.
Okay, then.
You feel yourself speed up. The orc knight barely misses you.
Your ice beast hits the orc knight but does no damage.
The orc knight hits you from afar with a +0 halberd!!
You die...

#...#
#...#
###'###
##.....##
#.......#
#.......#
#.Yo....#
#..#.#))#
#@##8##)#
#..#.#..#
#.......#
#.......#
#∩.....∩#
#.......#
##..∩..##
#######


You could see an orc knight (ally target) and a friendly ice beast (summoned).

Vanquished Creatures
  Pikel (D:6)
  An ugly thing (D:6)
  Maurice (D:8)
  Prince Ribbit (D:8)
  6 yaks
  5 steam dragons
  Menkaure (D:4)
  3 orc warriors (Bailey)
  A black bear (D:5)
  A sky beast (D:6)
  2 centaurs
  4 wolves
  A phantom (D:5)
  2 lemures (D:6)
  2 bullfrogs (D:8)
  A gnoll sergeant (D:8)
  9 wights
  Dowan (D:7)
  A howler monkey (D:7)
  A bombardier beetle (D:5)
  2 crimson imps (D:7)
  4 hounds
  3 gnoll boudas
  A jelly (D:6)
  4 orc priests
  2 iguanas (D:5)
  2 sleepcaps
  4 orc wizards
  15 gnolls
  2 adders
  A ribbon worm (D:5)
  A dart slug (D:3)
  28 orcs
  3 endoplasms (D:1)
  6 giant cockroaches
  5 goblins
  A hobgoblin (D:1)
  3 jackals
  4 quokkas
  9 ball pythons
  8 bats
  5 frilled lizards
  3 kobolds
  2 rats
163 creatures vanquished.

Vanquished Creatures (collateral kills)
  Joseph (D:8)
  Sigmund (D:2)
  3 yaks (D:9)
  Grum (D:8)
  Duvessa (D:7)
  4 orc warriors (Bailey)
  An ice beast (D:6)
  An ogre (D:4)
  A brain worm (Sewer)
  4 wights
  A hound (D:5)
  Crazy Yiuf (D:2)
  An orc wizard (D:6)
  Robin (D:2)
  7 adders
  9 gnolls
  A river rat (Sewer)
  A white imp (D:7)
  4 dart slugs
  2 ribbon worms
  5 orcs
  3 endoplasms
  3 giant cockroaches
  10 goblins
  3 hobgoblins
  4 jackals (Sewer)
  2 kobolds
  2 quokkas (D:2)
  4 ball pythons
  4 bats
  A frilled lizard (D:3)
  2 rats
89 creatures vanquished.

Vanquished Creatures (others)
  A crimson imp (D:7)
1 creature vanquished.

Grand Total: 253 creatures vanquished

Notes
Turn   | Place    | Note
-------+----------+-------------------------------------------
     0 | D:1      | KKCryptic the Djinni Ice Elementalist began the quest for
                  | the Orb.
     0 | D:1      | KKCryptic set off with the following spells memorised:
                  | Freeze, Frozen Ramparts, Ozocubu's Armour, Summon Ice
                  | Beast.
     0 | D:1      | Reached XP level 1. HP: 15/15 MP: 0/0
   189 | D:1      | Reached XP level 2. HP: 21/22 MP: 0/0
   294 | D:1      | Reached skill level 1 in Fighting
   918 | D:2      | Reached XP level 3. HP: 25/27 MP: 0/0
   918 | D:2      | Learned a level 1 spell: Summon Small Mammal
  1049 | D:2      | Reached skill level 2 in Fighting
  1138 | D:2      | Noticed Sigmund
  1146 | D:2      | Reached XP level 4. HP: 31/33 MP: 0/0
  1161 | D:2      | Killed Sigmund
  1162 | D:2      | Reached skill level 3 in Fighting
  1162 | D:2      | Reached XP level 5. HP: 41/41 MP: 0/0
  1162 | D:2      | Learned a level 2 spell: Jinxbite
  1162 | D:2      | Reached XP level 6. HP: 47/47 MP: 0/0
  1266 | D:2      | Found a runed translucent door.
  1267 | D:2      | Noticed Crazy Yiuf
  1276 | D:2      | Killed Crazy Yiuf
  1277 | D:2      | Reached skill level 4 in Fighting
  1395 | D:2      | Noticed Robin
  1405 | D:2      | Killed Robin
  2037 | D:3      | Reached skill level 5 in Spellcasting
  2037 | D:3      | Reached skill level 5 in Conjurations
  2037 | D:3      | Reached skill level 5 in Hexes
  2037 | D:3      | Reached skill level 5 in Summonings
  2037 | D:3      | Reached skill level 5 in Necromancy
  2037 | D:3      | Reached skill level 5 in Translocations
  2037 | D:3      | Reached skill level 5 in Fire Magic
  2037 | D:3      | Reached skill level 5 in Ice Magic
  2037 | D:3      | Reached skill level 5 in Air Magic
  2037 | D:3      | Reached skill level 5 in Earth Magic
  2037 | D:3      | Reached skill level 5 in Alchemy
  2233 | D:4      | Identified the +1 ring mail of Roagel {Regen+}
  2254 | D:4      | Found a staircase to the Ecumenical Temple.
  2281 | D:4      | Found a glowing drain.
  2292 | D:4      | Reached XP level 7. HP: 29/53 MP: 0/0
  2292 | D:4      | Learned a level 2 spell: Ensorcelled Hibernation
  2308 | Sewer    | Entered a sewer
  2564 | Sewer    | Reached skill level 5 in Fighting
  2779 | Temple   | Entered the Ecumenical Temple
  2811 | Temple   | Became a worshipper of Makhleb the Destroyer
  2852 | D:4      | Found a broken altar of Ashenzari.
  2857 | D:4      | Noticed Menkaure
  2868 | D:4      | Killed Menkaure
  2993 | D:4      | Reached XP level 8. HP: 61/61 MP: 0/0
  3164 | D:4      | Found an iron altar of Okawaru.
  3166 | D:4      | Found a hazy altar of Hepliaklqana.
  3249 | D:4      | Found Loammaqo's Weapon Emporium.
  3422 | D:5      | Entered Level 5 of the Dungeon
  3447 | D:5      | Reached skill level 6 in Fighting
  3781 | D:5      | Reached * piety under Makhleb
  3997 | D:5      | Reached skill level 7 in Fighting
  4079 | D:5      | Found a bloodstained altar of Trog.
  4227 | D:6      | Reached skill level 1 in Staves
  4227 | D:6      | Reached skill level 1 in Evocations
  4292 | D:6      | Reached XP level 9. HP: 68/68 MP: 0/0
  4292 | D:6      | Learned a level 4 spell: Manifold Assault
  4469 | D:6      | Found Efecei Somu's CLEARANCE SALE!.
  4472 | D:6      | Bought a potion of heal wounds for 20 gold pieces
  4656 | D:6      | Noticed a brown ugly thing
  4667 | D:6      | Killed a brown ugly thing
  4697 | D:6      | Found a shadowy altar of Dithmenos.
  5011 | D:6      | Noticed Pikel
  5020 | D:6      | Killed Pikel
  5021 | D:6      | Reached skill level 5 in Evocations
  5435 | D:7      | Reached skill level 5 in Staves
  5474 | D:7      | Reached XP level 10. HP: 72/75 MP: 0/0
  5681 | D:7      | Found a glowing golden altar of the Shining One.
  5725 | D:7      | Found Qecifiup's Armour Shop.
  5837 | D:7      | Noticed Duvessa
  5837 | D:7      | Noticed Dowan
  5854 | D:7      | Killed Duvessa
  5854 | D:7      | Reached ** piety under Makhleb
  5858 | D:7      | Killed Dowan
  6111 | D:7      | Reached skill level 8 in Fighting
  6156 | D:7      | Found a shimmering altar of Xom.
  6435 | D:7      | Found a glowing silver altar of Zin.
  6454 | D:7      | Found a runed translucent gate.
  6455 | D:7      | Found a runed translucent gate.
  6455 | D:7      | Found a runed translucent gate.
  6456 | D:7      | Found an opulent altar of Gozag.
  6458 | D:7      | Noticed superradish's ghost (novice DsBr)
  6791 | D:8      | Noticed Grum
  6805 | D:7      | Reached skill level 1 in Invocations
  6836 | D:8      | Killed Grum
  6904 | D:8      | Noticed Maurice
  6912 | D:8      | Maurice stole 2 throwing nets
  6917 | D:8      | Killed Maurice
  6918 | D:8      | Reached skill level 9 in Fighting
  7081 | D:8      | Noticed Prince Ribbit
  7090 | D:8      | Killed Prince Ribbit
  7218 | D:8      | Found a sparkling altar of Nemelex Xobeh.
  7311 | D:8      | Reached XP level 11. HP: 52/85 MP: 0/0
  7311 | D:8      | Learned a level 5 spell: Iskenderun's Battlesphere
  7467 | D:8      | Noticed Joseph
  7486 | D:8      | Killed Joseph
  7487 | D:8      | Reached skill level 10 in Fighting
  7649 | D:8      | Identified the +7 spear of Wondrous Power {protect, rF+
                  | Stlth+}
  7656 | D:8      | Reached skill level 5 in Invocations
  7677 | D:8      | Reached *** piety under Makhleb
  7955 | D:9      | Found a flagged portal.
  7974 | Bailey   | Entered a bailey
  8080 | Bailey   | Noticed an orc knight
  8097 | Bailey   | Noticed an orc knight
  8190 | Bailey   | Slain by an orc knight

Illustrated notes

Levels and vault maps discovered:
D:1:      wheals_arrival_linesprint, layout_loops_ring, minmay_strange_pillars
D:2:      layout_rooms, basic_altar, uniq_crazy_yiuf_cottage, uniq_robin,
          uniq_sigmund
D:3:      layout_rooms
D:4:      layout_loops_cross, chequers_temple_overflow_statue_of_worship,
          kennysheep_mini_moat, minmay_temple_entry_trees, serial_shops,
          nicolae_shop_bloodbath_and_beyond, portal_sewer_entry_f,
          dk_noncrumbling_3, uniq_menkaure
D:5:      layout_loops_ring, hellmonk_overflow_destroyed_library, serial_glass,
          glass_columns_b, glass_columns_a, chequers_serial_rivers_room_b
D:6:      layout_basic, nicolae_dithmenos_through_a_glass_darkly,
          nicolae_shop_clearance, uniq_pikel
D:7:      lemuel_ice_spiral_2, layout_basic,
          mainiacjoe_overflow_small_starburst, led_xom_imps, zin_academy,
          ebering_ghost_gozag, serial_shops, nicolae_shop_trees, uniq_duvessa
D:8:      layout_loops_corners, mainiacjoe_overflow_cross_hatched, uniq_grum,
          uniq_maurice, uniq_prince_ribbit1, uniq_joseph
D:9:      layout_long_grid, yredelemnul_altar_generic, orc_0_dummy,
          lightli_bailey_entry_fortress, nrook_loot_triangle,
          ebering_dispersal_statue_hall
Temple:   nicolae_temple_two_arcs
Bailey:   bailey_polearm_5, bailey

Skill      XL: |  1  2  3  4  5  6  7  8  9 10 11 |
---------------+----------------------------------+-----
Fighting       | 1 2 3 4 5 7 9 10 | 10.8
Spellcasting   | 4 5 6 7 |  7.4
Conjurations   | 4 5 6 7 |  7.4
Hexes          | 4 5 6 7 |  7.4
Summonings     | 4 5 6 7 |  7.4
Necromancy     | 4 5 6 7 |  7.4
Translocations | 4 5 6 7 |  7.4
Fire Magic     | 4 5 6 7 |  7.4
Ice Magic      | 4 5 6 7 |  7.4
Air Magic      | 4 5 6 7 |  7.4
Earth Magic    | 4 5 6 7 |  7.4
Alchemy        | 4 5 6 7 |  7.4
Staves         | 1 5 |  5.0
Evocations     | 2 5 |  5.4
Invocations    | 4 6 |  6.5
Dodging        | |  2.1
Stealth        | |  1.5

Action                     |  1- 3 |  4- 6 |  7- 9 | 10-12 || total
---------------------------+-------+-------+-------+-------++-------
  Melee: Short sword       |     9 |       |       |       ||     9
         Staff             |    13 |    52 |   156 |   184 ||   405
         Punch             |     1 |       |     2 |       ||     3
  Throw: Stone             |    10 |       |       |       ||    10
         Dart              |       |       |     1 |       ||     1
   Cast: Freeze            |    28 |     1 |     2 |     7 ||    38
         Summon Small Mamm |     6 |    11 |    12 |     5 ||    34
         Summon Ice Beast  |     4 |    11 |    28 |    26 ||    69
         Frozen Ramparts   |       |     4 |    31 |    43 ||    78
         Ozocubu's Armour  |       |     3 |    23 |    29 ||    55
         Jinxbite          |       |     2 |     3 |       ||     5
         Manifold Assault  |       |       |    14 |    51 ||    65
         Iskenderun's Batt |       |       |       |     2 ||     2
    Use: Scroll            |       |     5 |     5 |     6 ||    16
         Potion            |       |       |     1 |     4 ||     5
   Stab: Distracted        |       |     1 |       |       ||     1
         Sleeping          |       |     1 |       |       ||     1
 Armour: Robe              |     1 |       |       |       ||     1
         Ring mail         |     6 |    10 |   126 |   122 ||   264
         Leather armour    |     4 |    45 |       |       ||    49
  Dodge: Dodged            |    27 |    36 |    93 |    96 ||   252
